Map: Dusty Gorge

Players

yac

  • Race: Protoss Protoss
  • Spawn Location: 9:00

hpx

  • Race: Zerg Zerg
  • League: Platinum
  • Spawn Location: 11:00

DarkMinions - Winner!

  • Race: Zerg Zerg
  • League: Diamond
  • Spawn Location: 3:00

Seto - Winner!

  • Race: Terran Terran
  • Spawn Location: 5:00

VOD

Have the link to the VOD?

Description

Time

  • Played on: June 27, 2018, 5:47 p.m.
  • Length: 10:53
Show
View Real Time Build Order
Export as new Build Order

yac Protoss 

Build Orders: 1 Gate Expand 

Get SALT Encoding   

  12  0:02  Probe  
  13  0:14  Probe  
  13  0:18  Pylon  
  14  0:27  Probe  
  15  0:39  Probe, Gateway  
  16  0:50  Assimilator  
  16  0:51  Probe  
  17  1:13  Probe  
  18  1:26  Probe  
  18  1:28  Cybernetics Core  
  19  1:41  Probe  
  19  1:44  Nexus  
  20  1:47  Assimilator  
  20  1:53  Probe  
  21  1:56  Warp Gate  
  21  1:59  Pylon  
  21  2:11  Probe  
  22  2:17  Stalker  
  24  2:23  Probe  
  25  2:39  Gateway  
  25  2:43  Pylon  
  25  2:48  Forge  
  25  2:49  Probe  
  26  2:58  Stalker  
  28  3:13  Pylon  
  28  3:16  Probe  
  28  3:19  Probe  
  30  3:25  Probe  
  30  3:31  Probe  
  30  3:33  Protoss Ground Weapons Level 1  
  30  3:34  Probe  
  33  3:46  Probe, Photon Cannon  
  34  3:57  Probe  
  34  4:00  Probe  
  36  4:05  Probe  
  36  4:08  Stalker  
  39  4:12  Probe  
  39  4:14  Probe, Stalker  
  43  4:26  Probe  
  43  4:29  Photon Cannon  
  44  4:38  Probe  
  44  4:44  Pylon  
  45  4:46  Pylon  
  45  4:48  Stalker  
  45  4:49  Stalker  
  49  5:04  Photon Cannon  
  49  5:08  Twilight Council  
  49  5:10  Pylon  
  49  5:19  Nexus  
  49  5:24  Probe, Protoss Ground Armor Level 1  
  50  5:30  Probe  
  50  5:32  Assimilator  
  50  5:33  Probe  
  51  5:36  Assimilator, Blink  
  51  5:42  Probe x2  
  53  5:49  Stalker  
  56  5:50  Stalker  
  56  5:54  Probe  
  56  5:55  Probe  
  56  5:57  Gateway  
  60  6:07  Probe  
  60  6:10  Gateway x2  
  61  6:22  Stalker x2  
  65  6:29  Stargate  
  65  6:31  Stargate  
  65  7:06  Probe  
  63  7:13  Stalker x2  
  63  7:14  Probe  
  68  7:16  Stalker  
  68  7:17  Stalker x2  
  68  7:18  Protoss Shields Level 1  
  75  7:24  Probe  
  76  7:36  Probe, Phoenix  
  79  7:48  Probe  
  80  7:53  Stalker x3  
  86  8:00  Charge, Probe  
  86  8:01  Phoenix  
  89  8:08  Probe x2  
  91  8:16  Probe  
  83  8:20  Probe  
  83  8:26  Probe  
  86  8:38  Probe  
  86  8:41  Stalker x4  
  69  8:42  Stalker  
  65  8:50  Probe  
  66  9:02  Robotics Facility  
  66  9:11  Assimilator, Probe  
  66  9:15  Assimilator  
  67  9:19  Probe  
  68  9:24  Pylon  
  68  9:27  Pylon  
  68  9:29  Probe  
  68  9:31  Stalker x5  
  68  9:37  Phoenix x2  
  83  9:41  Probe  
  82  9:53  Probe  
  83  10:02  Phoenix x2  
  83  10:08  Observer  
  61  10:23  Stalker x3  
  61  10:24  Stalker  
  61  10:25  Stalker  
Show
View Real Time Build Order
Export as new Build Order

hpx Zerg 

Build Orders: Hatch First 

Get SALT Encoding   

  12  0:01  Drone  
  13  0:13  Overlord  
  13  0:19  Drone  
  14  0:31  Drone  
  14  0:32  Drone  
  14  0:35  Drone  
  17  0:54  Hatchery  
  16  0:59  Drone  
  16  1:01  Drone  
  18  1:16  Spawning Pool  
  18  1:18  Extractor  
  16  1:20  Drone  
  16  1:25  Drone  
  18  1:29  Drone  
  19  1:44  Drone  
  20  2:07  Hatchery, Queen  
  21  2:14  Zergling x4  
  23  2:18  Metabolic Boost  
  23  2:20  Drone x2  
  25  2:30  Queen  
  25  2:34  Drone  
  28  2:50  Overlord  
  28  3:20  Drone x8  
  28  3:21  Drone x2  
  38  3:29  Queen  
  40  3:37  Baneling Nest  
  40  3:39  Lair  
  39  3:42  Overlord  
  39  3:51  Drone  
  39  3:52  Drone x2  
  42  4:03  Drone x8  
  50  4:16  Overlord x2  
  50  4:35  Drone x11  
  61  4:47  Extractor x2  
  61  4:48  Centrifical Hooks  
  59  4:55  Hydralisk Den  
  59  4:58  Extractor  
  57  5:08  Drone x3  
  57  5:10  Drone x3  
  57  5:11  Drone x3  
  66  5:21  Overlord  
  66  5:22  Overlord  
  66  5:53  Grooved Spines  
  66  6:00  Spore Crawler  
  66  6:02  Spore Crawler, Hydralisk  
  66  6:03  Hydralisk x4  
  74  6:08  Spore Crawler  
  73  6:14  Extractor  
  73  6:16  Extractor  
  69  6:33  Unknown, Queen  
  71  6:50  Overlord x2  
  71  6:51  Overlord x2  
  71  6:52  Overlord x3  
  71  7:06  Spore Crawler  
  71  7:08  Muscular Augments  
  70  7:17  Evolution Chamber x2  
  70  7:18  Spore Crawler  
  70  7:21  Spore Crawler  
  66  7:23  Spore Crawler  
  66  7:28  Drone x6  
  71  7:35  Drone  
  71  7:36  Drone x4  
  76  7:38  Hydralisk  
  76  7:39  Hydralisk x10  
  76  7:43  Overseer  
  98  7:48  Hatchery  
  97  7:52  Overseer  
  97  7:55  Zerg Missile Weapons Level 1, Zerg Ground Armor Level 1  
  97  7:57  Zergling x2  
  97  7:58  Zergling x12  
  100  8:10  Hydralisk  
  100  8:11  Hydralisk x8  
  110  8:30  Unknown  
  108  8:44  Hydralisk x3  
  108  8:46  Overlord x2  
  108  8:47  Overlord  
  112  9:01  Overseer  
  108  9:04  Drone x4  
  108  9:05  Overlord x2, Drone x6  
  108  9:06  Overlord  
  116  9:30  Hydralisk x5  
  116  9:31  Hydralisk  
  128  9:41  Hatchery  
  127  9:55  Hatchery  
  127  9:56  Spore Crawler  
  110  10:06  Hatchery  
  91  10:09  Hydralisk x4  
  91  10:10  Hydralisk x8  
  91  10:24  Overseer x3  
  91  10:28  Hydralisk x3  
Show
View Real Time Build Order
Export as new Build Order

DarkMinions Zerg - Winner!

Build Orders: Hatch First 

Get SALT Encoding   

  12  0:01  Drone  
  13  0:12  Drone  
  14  0:17  Overlord  
  14  0:27  Extractor  
  14  0:28  Drone  
  15  0:37  Drone x2  
  17  0:50  Drone  
  18  0:59  Hatchery  
  18  1:01  Drone  
  18  1:15  Spawning Pool  
  18  1:17  Drone  
  18  1:19  Drone  
  19  1:35  Extractor  
  19  1:38  Drone  
  19  1:48  Overlord  
  19  1:56  Drone  
  20  2:14  Drone x2  
  20  2:15  Zergling x2  
  23  2:16  Queen  
  23  2:17  Queen  
  27  2:28  Zergling x2  
  28  2:31  Drone  
  29  2:38  Drone x2  
  31  2:47  Drone x2  
  33  2:58  Lair  
  33  3:00  Queen  
  35  3:08  Zergling x2  
  35  3:10  Overlord  
  36  3:29  Extractor x2  
  36  3:31  Drone x10  
  44  3:34  Overlord  
  44  3:38  Overlord  
  44  3:40  Hatchery  
  43  3:50  Extractor, Drone  
  43  3:51  Drone  
  43  3:54  Drone  
  43  3:55  Drone  
  46  4:01  Spire  
  45  4:07  Drone x2  
  45  4:09  Spine Crawler  
  46  4:13  Drone  
  46  4:16  Pneumatized Carapace  
  47  4:18  Drone  
  47  4:20  Drone  
  49  4:27  Drone x3  
  49  4:31  Overlord  
  52  4:41  Drone x2  
  52  4:44  Drone  
  52  4:45  Overlord  
  55  4:51  Drone  
  55  4:52  Drone x3  
  59  5:15  Zerg Flyer Weapons Level 1  
  59  5:16  Mutalisk x6  
  59  5:20  Overseer  
  71  5:23  Overlord x2  
  71  5:30  Drone x4  
  71  5:34  Extractor  
  74  5:37  Extractor, Drone x3  
  74  5:38  Drone x2  
  74  5:40  Drone  
  79  5:46  Mutalisk  
  81  5:58  Mutalisk x3  
  87  6:07  Drone x7  
  94  6:17  Hatchery  
  93  6:20  Mutalisk  
  93  6:21  Mutalisk  
  93  6:23  Overlord x2  
  93  6:24  Overlord  
  95  6:36  Mutalisk x2  
  95  6:39  Drone  
  98  6:40  Overlord x4  
  98  6:52  Metabolic Boost  
  98  7:03  Overseer  
  98  7:04  Mutalisk x3  
  98  7:07  Zergling x16  
  112  7:09  Zerg Flyer Armor Level 1  
  112  7:19  Mutalisk x3  
  118  7:23  Zergling x4  
  118  7:24  Zergling x2  
  118  7:27  Overseer  
  121  7:30  Mutalisk  
  121  7:31  Hatchery  
  121  7:34  Drone x4  
  121  7:35  Drone x2, Queen  
  130  7:45  Extractor  
  130  7:46  Mutalisk x3  
  130  7:49  Extractor  
  134  7:55  Overlord x4  
  134  7:56  Drone x2  
  136  8:00  Overlord  
  136  8:03  Extractor  
  136  8:04  Extractor  
  122  8:33  Mutalisk x7  
  128  8:36  Drone x5  
  139  8:52  Drone  
  139  8:53  Drone x4  
  144  8:59  Mutalisk x3  
  144  9:02  Drone x2  
  148  9:22  Mutalisk x2  
  148  9:23  Mutalisk x4  
  154  9:29  Overseer  
  154  9:30  Overseer x2  
  154  9:31  Baneling Nest  
  154  9:32  Overlord x4  
  153  9:52  Mutalisk x3  
  149  9:53  Mutalisk x3  
  147  10:08  Mutalisk x4  
  147  10:09  Mutalisk  
  147  10:11  Zergling x22  
  162  10:20  Mutalisk x2  
  162  10:21  Mutalisk  
  166  10:37  Infestation Pit  
Show
View Real Time Build Order
Export as new Build Order

Seto Terran - Winner!

Build Orders:  

Get SALT Encoding   

  12  0:01  SCV  
  13  0:13  SCV  
  14  0:23  Supply Depot  
  14  0:25  SCV  
  15  0:35  Refinery  
  15  0:44  SCV  
  15  0:48  Barracks  
  16  0:56  SCV  
  17  1:09  SCV  
  18  1:21  SCV  
  19  1:37  Supply Depot  
  19  1:42  Command Center  
  19  1:55  Ghost Academy  
  19  2:06  Orbital Command  
  19  2:14  Barracks Tech Lab  
  19  2:24  Barracks  
  19  2:31  Refinery  
  19  2:33  SCV  
  20  2:43  Engineering Bay  
  20  2:52  SCV  
  22  3:00  Orbital Command  
  22  3:04  SCV  
  22  3:12  Personal Cloaking  
  22  3:16  SCV  
  23  3:20  Engineering Bay  
  23  3:25  Barracks Tech Lab  
  23  3:30  SCV  
  23  3:31  SCV  
  25  3:41  Terran Infantry Weapons Level 1  
  25  3:43  SCV x2  
  27  3:49  Factory  
  27  3:55  SCV x2  
  29  4:00  Terran Infantry Armor Level 1  
  29  4:07  SCV x2  
  31  4:16  Barracks  
  31  4:19  SCV x2  
  31  4:21  Refinery  
  33  4:31  SCV x2  
  34  4:34  Armory  
  35  4:43  SCV x2  
  37  4:47  Command Center  
  37  4:49  Marine x2  
  39  4:55  SCV x2  
  39  4:57  Refinery  
  41  5:07  SCV x2  
  41  5:11  Nuke  
  43  5:19  SCV x2  
  45  5:22  Barracks Tech Lab  
  45  5:25  Barracks  
  45  5:29  Starport  
  45  5:31  SCV  
  45  5:35  Terran Infantry Weapons Level 2  
  46  5:53  Supply Depot  
  46  5:54  Supply Depot, Terran Infantry Armor Level 2  
  46  5:56  Supply Depot  
  46  5:59  SCV x2  
  48  6:06  Ghost x3  
  54  6:18  Supply Depot  
  54  6:20  Supply Depot  
  54  6:24  Supply Depot  
  54  6:32  Orbital Command  
  54  6:34  SCV x2  
  54  6:37  Ghost x3  
  62  6:46  SCV x2  
  64  6:54  Barracks Tech Lab  
  64  6:57  Barracks  
  64  6:58  SCV x2  
  64  7:01  Starport Reactor  
  66  7:06  Refinery, SCV, Ghost  
  66  7:07  Refinery  
  69  7:10  SCV x2  
  69  7:13  Ghost  
  73  7:18  SCV  
  73  7:22  SCV  
  75  7:26  Ghost  
  75  7:29  Ghost  
  79  7:41  Ghost  
  80  7:44  SCV x3  
  80  7:46  Barracks  
  82  7:52  Barracks Tech Lab  
  82  7:53  Ghost  
  82  7:56  SCV x2  
  86  8:06  Ghost x2  
  90  8:24  Ghost x2  
  94  8:30  Concussive Shells  
  94  8:31  Stimpack  
  94  8:34  Barracks  
  90  9:04  Barracks Reactor  
  90  9:10  Marine x4  
  94  9:23  Barracks Tech Lab  
  94  9:26  Medivac  
  94  9:27  Marine, Medivac  
  94  9:28  Marine x3  
  102  9:33  SCV  
  102  9:34  SCV x2  
  105  9:40  Command Center  
  105  9:45  SCV, Marine x3  
  105  9:46  Marine  
  110  9:56  Medivac  
  110  10:03  Marine x3  
  110  10:04  Marine  
  112  10:07  Ghost x2  
  112  10:10  Marine x2  
  118  10:16  Medivac  
  118  10:21  Marine x3  
  120  10:22  Marine  
  120  10:28  Marine x2  
Tags
 
Add a new tag
Caveats
  • Supply blocks, unpowered buildings, or Contaminate may cause inaccurate times.
  • Supply counts are checked every 10 seconds.